 Dungeon Crawl Stone Soup version 0.28-a0-1117-g0bdd5ba030 (webtiles) character file.

Game seed: 2410865222841391122

100 SensoryNuts the Skirmisher (level 4, -2/40 HPs)
             Began as a Draconian Fighter on Dec 11, 2021.
             Was a Follower of the Shining One.
             Slain by a gnoll (13 damage)
             ... on level 2 of the Dungeon.
             The game lasted 00:01:27 (1321 turns).

SensoryNuts the Skirmisher (Draconian Fighter)      Turns: 1321, Time: 00:01:28

Health: -2/40      AC:  5    Str: 20    XL:     4   Next: 47%
Magic:  2/4        EV: 12    Int:  9    God:    the Shining One [*.....]
Gold:   40         SH: 10    Dex: 10    Spells: 3/3 levels left

rFire   . . .      SeeInvis .   a - +0 long sword
rCold   . . .      Faith    .   b - +0 buckler
rNeg    . . .      Spirit   .   (armour unavailable)
rPois   .          Reflect  .   (helmet restricted)
rElec   .          Harm     .   (no cloak)
rCorr   .          Rampage  .   (no gloves)
Will    .....                   (no boots)
Stlth   +.........              (no amulet)
HPRegen 0.13/turn               (no ring)
MPRegen 0.09/turn               (no ring)

@: divinely shielded, glowing
A: AC +5, unfitting armour, cold-blooded
a: Renounce Religion, Divine Shield


You were on level 2 of the Dungeon.
You worshipped the Shining One.
The Shining One was aware of your devotion.
You visited 1 branch of the dungeon, and saw 2 of its levels.

You collected 40 gold pieces.

Inventory:

Hand Weapons
 a - a +0 long sword (weapon)
Armour
 b - a +0 buckler (worn)
Scrolls
 e - 2 scrolls of identify {unknown}
Potions
 c - 2 potions of might
 d - 4 potions of flight {unknown}
 f - a potion of mutation {unknown}


   Skills:
 + Level 3.8 Fighting
 + Level 3.1 Long Blades
 + Level 3.5 Dodging
 + Level 3.5 Shields


You had 3 spell levels left.
You didn't know any spells.
Your spell library was empty.

Dungeon Overview and Level Annotations

Branches:
Dungeon (2/15)

Altars:
Uskayaw
The Shining One


Innate Abilities, Weirdness & Mutations

Your plain brown scales are hard. (AC +5)
You cannot fit into any form of body armour.
You are cold-blooded and may be slowed by cold attacks.


Message History

The gnoll hits you from afar with a +0 halberd.
You block the frilled lizard's attack.
You hit the frilled lizard.
You kill the frilled lizard!
The gnoll hits you from afar with a +0 halberd.
* * * LOW HITPOINT WARNING * * *
You block the gnoll's attack.
You see here a frilled lizard corpse.
You slash the gnoll!
The gnoll is severely wounded.
The gnoll closely misses you. You block the gnoll's attack.
You hit the gnoll but do no damage.
The gnoll is severely wounded.
You block the gnoll's attack. x2
You completely miss the gnoll.
Your tail-slap misses the gnoll.
The gnoll is severely wounded.
The gnoll barely misses you. You block the gnoll's attack.
The gnoll hits you from afar with a +0 halberd.
* * * LOW HITPOINT WARNING * * *
You block the gnoll's attack.
You slash the gnoll!
You kill the gnoll!
You block the gnoll's attack.
Things that are here:
a +0 club; a gnoll corpse You slash the gnoll!
The gnoll is severely wounded.
You block the gnoll's attack. x2
You slash the gnoll!
You kill the gnoll!
You block the gnoll's attack.
The hobgoblin hits you but does no damage.
The gnoll barely misses you.
Your Long Blades skill increases to level 3!
You slash the hobgoblin!
You kill the hobgoblin!
You block the gnoll's attack.
A kobold comes into view. It is wielding a +0 short sword.
The gnoll hits you with a +0 halberd!
You die...

#.#..###.######
#######+#.#...##.†...##
#.........#...######.##
#.........#.#.## ##...
#.........#.#..# #....
## #......#..# #.### $#
#†..#####.## #.# #.
#)g.......># #.#
.##@############.###
#.#.# #..........
#.#.#.# #.........#
#....# #.........#
#...#)# ###########
#..gg#.K.# ....#....#
..#......# .......#.#


You could see a gnoll and a kobold.

Vanquished Creatures
  2 gnolls (D:2)
  3 adders (D:2)
  A worm (D:2)
  4 endoplasms (D:1)
  A giant cockroach (D:1)
  A goblin (D:1)
  4 hobgoblins
  9 jackals
  5 kobolds
  A quokka (D:1)
  4 ball pythons (D:1)
  4 bats (D:1)
  5 frilled lizards
  2 rats
46 creatures vanquished.

Vanquished Creatures (others)
  A fungus (D:1)
  A plant (D:1)
2 creatures vanquished.

Grand Total: 48 creatures vanquished

Notes
Turn   | Place    | Note
-------+----------+-------------------------------------------
     0 | D:1      | SensoryNuts the Draconian Fighter began the quest for the
                  | Orb.
     0 | D:1      | Reached XP level 1. HP: 19/19 MP: 1/1
   187 | D:1      | Reached XP level 2. HP: 24/26 MP: 2/2
   287 | D:1      | Found a faded altar of an unknown god.
   356 | D:1      | Prayed at the altar of an unknown god.
   356 | D:1      | Became a worshipper of the Shining One
   356 | D:1      | Reached * piety under the Shining One
   559 | D:1      | Reached XP level 3. HP: 28/31 MP: 3/3
   941 | D:2      | Found a hide-covered altar of Uskayaw.
  1297 | D:2      | Reached XP level 4. HP: 36/40 MP: 4/4
  1321 | D:2      | Slain by a gnoll

Illustrated notes

Levels and vault maps discovered:
D:1:      tarquinn_simple_flora_water_d, layout_basic,
          shapermc_ecumenical_altar_acropolis, hangedman_decor_clover_reticule
D:2:      layout_basic, basic_altar, minmay_increasing_density

Skill      XL: |  1  2  3  4 |
---------------+-------------+-----
Dodging        | 3 |  3.5
Long Blades    | 3 |  3.1
Fighting       | |  3.8
Shields        | |  3.5

Action                   |  1- 3 |  4- 6 || total
-------------------------+-------+-------++-------
Melee: Long sword        |   110 |    13 ||   123
       Tailslap          |     8 |       ||     8
Invok: Divine Shield     |       |     1 ||     1
Armor: Skin              |    43 |     2 ||    45
Dodge: Dodged            |    95 |     7 ||   102
Block: Buckler           |    37 |    14 ||    51

Table legend: (Time is in decaauts)
 A = Elapsed time spent in this place.
 B = Non-inter-level travel time spent in this place.
 C = Inter-level travel time spent in this place.
 D = Time resting spent in this place.
 E = Time spent auto-exploring this place.
 F = Levels seen in this place.
 G = Mean time per level.
                   A        B        C        D        E       F      G
               +--------+--------+--------+--------+--------+-----+--------+
         Total |   1361 |   1361 |      0 |      0 |   1031 |   2 |  680.5 |
       Dungeon |   1361 |   1361 |      0 |      0 |   1031 |   2 |  680.5 |
               +--------+--------+--------+--------+--------+-----+--------+

Top non-repeatable levels by time:
     D:1: 831 daAuts
     D:2: 529 daAuts
